 Dungeon Crawl Stone Soup version 0.21.0 (webtiles) character file.

3313 Jganora the Blocker (level 10, -21/118 (120) HPs)
             Began as a Gnoll Fighter on Jan 6, 2018.
             Was a Follower of Ru.
             Demolished by a reaper
             ... wielding a +6 scythe of venom
              (46 damage)
             ... on level 1 of the Abyss.
             The game lasted 00:09:27 (5403 turns).

Jganora the Blocker (Gnoll Fighter)                 Turns: 5403, Time: 00:09:28

HP:   -21/118 (120) AC: 16    Str: 26    XL:     10   Next: 1%
MP:   17/17         EV:  8    Int: 12    God:    Ru [*.....]
Gold: 366           SH: 17    Dex: 14    Spells: 18/18 levels left

rFire    . . .     SeeInvis .   w - +3 spear (flame)
rCold    . . .     Gourm    .   g - +0 large shield
rNeg     . . .     Faith    .   h - +0 chain mail
rPois    +         Spirit   .   B - +2 hat
rElec    .         Reflect  .   (no cloak)
rCorr    .         Harm     .   (no gloves)
MR       .....                  u - +2 pair of boots
Stlth    ..........             l - amulet of rage
HPRegen  0.29/turn              m - ring of poison resistance
MPRegen  0.15/turn              (no ring)

@: berserking (expiring), very quick
A: distributed training, fangs 1, no hexes magic, no poison magic, no
translocations magic, strong nose
a: Renounce Religion, Evoke Berserk Rage


You were on level 1 of the Abyss.
You worshipped Ru.
Ru was aware of your devotion.
You were not hungry.

You visited 1 branch of the dungeon, and saw 7 of its levels.
You visited the Abyss 1 time.

You collected 366 gold pieces.

Inventory:

Hand Weapons
 a - a +0 war axe
 b - a +0 dagger
 w - a +3 spear of flaming (weapon)
Armour
 g - a +0 large shield (worn)
 h - a +0 chain mail (worn)
 u - a +2 pair of boots (worn)
 B - a +2 hat (worn)
Jewellery
 l - an amulet of rage (around neck)
 m - a ring of poison resistance (left hand)
 y - an uncursed amulet of guardian spirit
Wands
 v - a wand of paralysis (11)
 A - a wand of iceblast (14)
Scrolls
 j - 3 scrolls of identify
 k - 2 scrolls of enchant weapon
 q - 2 scrolls of amnesia
 r - a scroll of fog
 x - 4 scrolls of remove curse {unknown}
Potions
 c - a potion of heal wounds {unknown}
 d - 3 potions of might
 e - a potion of mutation {unknown}
 i - a potion of brilliance
 n - 2 potions of berserk rage {unknown}
 o - 7 potions of curing
 p - 2 potions of resistance
 s - 2 potions of lignification {unknown}
 z - a potion of agility {unknown}
Comestibles
 f - 8 rations


   Skills:
 + Level 8.1 Fighting
 + Level 4.7 Short Blades
 + Level 4.7 Long Blades
 + Level 6.6 Axes
 + Level 4.7 Maces & Flails
 + Level 4.7 Polearms
 + Level 4.7 Staves
 + Level 4.7 Slings
 + Level 4.7 Bows
 + Level 4.7 Crossbows
 + Level 4.7 Throwing
 + Level 8.1 Armour
 + Level 4.7 Dodging
 + Level 4.7 Stealth
 + Level 8.1 Shields
 + Level 4.7 Unarmed Combat
 + Level 4.7 Spellcasting
 + Level 3.9 Conjurations
   Level 0.0 Hexes
 + Level 3.9 Charms
 + Level 3.9 Summonings
 + Level 3.9 Necromancy
   Level 0.0 Translocations
 + Level 3.9 Transmutations
 + Level 3.9 Fire Magic
 + Level 3.9 Ice Magic
 + Level 3.9 Air Magic
 + Level 3.9 Earth Magic
   Level 0.0 Poison Magic
 + Level 5.2 Invocations
 + Level 4.7 Evocations


You had 18 spell levels left.
You didn't know any spells.

Dungeon Overview and Level Annotations

Branches:
Dungeon (9/15)             Temple (0/1) D:6
   Lair: D:8-11         Orc: D:9-12

Altars:
Makhleb
Nemelex Xobeh
Ru
Trog
Uskayaw
Zin

Shops:
D:5 }

Annotations:
D:9 Erolcha


Innate Abilities, Weirdness & Mutations

Your experience applies equally to all skills.
You have very sharp teeth.
You cannot study or cast Hexes magic.
You cannot study or cast Poison magic.
You cannot study or cast Translocations magic.
Your uncanny sense of smell can sniff out nearby items.


Message History

The reaper hits you with a scythe of venom!!
* * * LOW HITPOINT WARNING * * *
You puncture the reaper! You burn the reaper. Your bite misses the reaper.
The reaper is moderately wounded.
You hit the reaper but do no damage.
The reaper is moderately wounded.
You block the reaper's attack.
You hit the reaper. You burn the reaper. You bite the reaper.
The reaper is moderately wounded.
You hit the reaper. You burn the reaper.
The reaper is heavily wounded.
Your shield and chain mail prevent you from hitting the reaper.
The reaper is heavily wounded.
You block the reaper's attack.
You hit the reaper. You burn the reaper. Your bite misses the reaper.
The reaper is heavily wounded.
You puncture the reaper! You burn the reaper.
The reaper is severely wounded.
The reaper hits you with a scythe of venom!!!
You die...

#...#. #....#. .
#. .# #.. . ..#
.##.# .. #....#
.....## .# #.#
......##.##.#.#
..###.#..#....##
.
#.....##......#
# #.......#.##.#
#..#@#.## #
#.....2...#
##...##......
#... ......#.#
.#. ยง#...... #
#. #.###.. ##
###..# ..


You could see a reaper.

Vanquished Creatures
  The ghost of Jganora the Shield-Bearer, a novice GnFi of Ru (D:6)
  A sixfirhy (Abyss:1)
  Psyche (D:9)
  A large abomination (Abyss:1)
  An ice beast (D:6)
  An ogre (D:4)
  The ghost of Petal the Skirmisher, an amateur DsFi of Ashenzari (D:3)
  A necrophage (D:6)
  A centaur (D:6)
  A small abomination (Abyss:1)
  2 bullfrogs (D:6)
  A scorpion (D:6)
  A howler monkey (D:4)
  A crimson imp (D:5)
  A centaur zombie (D:6)
  2 bullfrog zombies
  3 hounds
  2 jellies (D:5)
  7 orc priests
  A centaur skeleton (D:5)
  2 orc wizards
  A gnoll shaman (D:4)
  2 iguanas
  4 worker ants
  A howler monkey zombie (D:5)
  Robin (D:2)
  8 gnolls
  5 adders
  2 shadow imps (D:6)
  An ufetubus (Abyss:1)
  2 oozes
  An adder skeleton (D:5)
  2 worms (D:2)
  4 dart slugs
  3 leopard geckos
  15 orcs
  5 giant cockroaches
  18 goblins
  12 hobgoblins
  2 jackals (D:9)
  A quokka (D:5)
  A ball python (D:1)
  6 bats
  5 frilled lizards
  10 kobolds
  8 rats
153 creatures vanquished.

Vanquished Creatures (others)
  A shadow imp (Abyss:1)
  A starspawn tentacle (Abyss:1)
2 creatures vanquished.

Grand Total: 155 creatures vanquished

Notes
Turn   | Place    | Note
-------+----------+-------------------------------------------
     0 | D:1      | Jganora the Gnoll Fighter began the quest for the Orb.
     0 | D:1      | Reached XP level 1. HP: 23/23 MP: 1/1
   107 | D:1      | Reached XP level 2. HP: 29/29 MP: 2/2
   362 | D:1      | Reached XP level 3. HP: 35/35 MP: 3/3
   699 | D:2      | Reached skill level 1 in Invocations
   702 | D:2      | Noticed Robin
   711 | D:2      | Reached skill level 1 in Short Blades
   711 | D:2      | Reached skill level 1 in Long Blades
   711 | D:2      | Reached skill level 1 in Maces & Flails
   711 | D:2      | Reached skill level 1 in Polearms
   711 | D:2      | Reached skill level 1 in Staves
   711 | D:2      | Reached skill level 1 in Slings
   711 | D:2      | Reached skill level 1 in Bows
   711 | D:2      | Reached skill level 1 in Crossbows
   711 | D:2      | Reached skill level 1 in Throwing
   711 | D:2      | Reached skill level 1 in Dodging
   711 | D:2      | Reached skill level 1 in Stealth
   711 | D:2      | Reached skill level 1 in Unarmed Combat
   711 | D:2      | Reached skill level 1 in Spellcasting
   711 | D:2      | Reached skill level 1 in Evocations
   715 | D:2      | Reached XP level 4. HP: 13/41 MP: 5/5
   716 | D:2      | Killed Robin
  1212 | D:2      | Reached skill level 1 in Conjurations
  1212 | D:2      | Reached skill level 1 in Hexes
  1212 | D:2      | Reached skill level 1 in Charms
  1212 | D:2      | Reached skill level 1 in Summonings
  1212 | D:2      | Reached skill level 1 in Necromancy
  1212 | D:2      | Reached skill level 1 in Translocations
  1212 | D:2      | Reached skill level 1 in Transmutations
  1212 | D:2      | Reached skill level 1 in Fire Magic
  1212 | D:2      | Reached skill level 1 in Ice Magic
  1212 | D:2      | Reached skill level 1 in Air Magic
  1212 | D:2      | Reached skill level 1 in Earth Magic
  1212 | D:2      | Reached skill level 1 in Poison Magic
  1534 | D:3      | Reached XP level 5. HP: 46/47 MP: 6/6
  1727 | D:3      | Noticed Petal's ghost (amateur DsFi)
  1740 | D:3      | Killed Petal's ghost
  1740 | D:3      | Reached XP level 6. HP: 47/53 MP: 8/8
  2156 | D:4      | Reached skill level 5 in Axes
  2233 | D:4      | Found a sparkling altar of Nemelex Xobeh.
  2236 | D:4      | Found a burning altar of Makhleb.
  2239 | D:4      | Found a hide-covered altar of Uskayaw.
  2307 | D:4      | Reached XP level 7. HP: 45/59 MP: 10/10
  2624 | D:4      | Found a sacrificial altar of Ru.
  2629 | D:4      | Became a worshipper of Ru the Awakened
  2841 | D:4      | Found a glowing silver altar of Zin.
  2979 | D:5      | Entered Level 5 of the Dungeon
  2979 | D:5      | Found a bloodstained altar of Trog.
  3572 | D:5      | Reached XP level 8. HP: 34/67 MP: 12/12
  3979 | D:5      | Found Qeklo's Gadget Shop.
  4082 | D:6      | Found a staircase to the Ecumenical Temple.
  4369 | D:6      | Noticed Jganora's ghost (novice GnFi)
  4369 | D:6      | Gained mutation: You cannot study or cast Poison magic. [Ru sacrifice]
  4369 | D:6      | Gained mutation: You cannot study or cast Hexes magic. [Ru sacrifice]
  4369 | D:6      | Gained mutation: You cannot study or cast Translocations magic. [Ru sacrifice]
  4369 | D:6      | Reached * piety under Ru
  4388 | D:6      | Killed Jganora's ghost
  4388 | D:6      | Reached XP level 9. HP: 73/73 MP: 13/15
  4679 | D:6      | You fall through a shaft for 3 floors!
  4863 | D:9      | Noticed Psyche
  4869 | D:9      | Killed Psyche
  4988 | D:9      | Noticed Erolcha
  4992 | D:9      | Cast into level 1 of the Abyss (Erolcha)
  5126 | Abyss:1  | Noticed a tormentor
  5130 | Abyss:1  | Noticed a worldbinder
  5131 | Abyss:1  | Noticed a merfolk siren
  5131 | Abyss:1  | Noticed a manticore
  5132 | Abyss:1  | Noticed a merfolk siren
  5132 | Abyss:1  | Noticed a wind drake
  5135 | Abyss:1  | Noticed a profane servitor
  5138 | Abyss:1  | Noticed a manticore
  5141 | Abyss:1  | Noticed a tentacled starspawn
  5144 | Abyss:1  | Found a corrupted altar of Lugonu.
  5306 | Abyss:1  | Noticed a sixfirhy
  5316 | Abyss:1  | Killed a sixfirhy
  5316 | Abyss:1  | Reached skill level 5 in Invocations
  5316 | Abyss:1  | Reached XP level 10. HP: 79/79 MP: 15/17
  5333 | Abyss:1  | Noticed a rust devil
  5386 | Abyss:1  | Noticed a reaper
  5403 | Abyss:1  | Demolished by a reaper

Skill      XL: |  1  2  3  4  5  6  7  8  9 |
---------------+----------------------------+-----
Invocations    | 1 2 3 4 5 |  5.2
Short Blades   | 1 2 4 |  4.7
Long Blades    | 1 2 4 |  4.7
Maces & Flails | 1 2 4 |  4.7
Polearms       | 1 2 4 |  4.7
Staves         | 1 2 4 |  4.7
Slings         | 1 2 4 |  4.7
Bows           | 1 2 4 |  4.7
Crossbows      | 1 2 4 |  4.7
Throwing       | 1 2 4 |  4.7
Dodging        | 1 2 4 |  4.7
Stealth        | 1 2 4 |  4.7
Unarmed Combat | 1 2 4 |  4.7
Spellcasting   | 1 2 4 |  4.7
Evocations     | 1 2 4 |  4.7
Conjurations   | 1 2 3 |  3.9
Hexes          | 1 2 0 |  0.0
Charms         | 1 2 3 |  3.9
Summonings     | 1 2 3 |  3.9
Necromancy     | 1 2 3 |  3.9
Translocations | 1 2 0 |  0.0
Transmutations | 1 2 3 |  3.9
Fire Magic     | 1 2 3 |  3.9
Ice Magic      | 1 2 3 |  3.9
Air Magic      | 1 2 3 |  3.9
Earth Magic    | 1 2 3 |  3.9
Poison Magic   | 1 2 0 |  0.0
Axes           | 5 6 |  6.6
Fighting       | 7 8 |  8.1
Armour         | 7 8 |  8.1
Shields        | 7 8 |  8.1

Action                   |  1- 3 |  4- 6 |  7- 9 | 10-12 || total
-------------------------+-------+-------+-------+-------++-------
Melee: War axe           |    60 |   177 |    16 |       ||   253
       Bite              |     6 |    17 |    40 |     1 ||    64
       Spear             |       |       |   299 |     9 ||   308
Invok: Sacrifice Arcana  |       |       |     1 |       ||     1
 Abil: Evoke Berserk Rag |       |       |     8 |     1 ||     9
  Use: Potion            |       |     2 |     2 |       ||     4
       Scroll            |       |       |     5 |       ||     5
  Eat: Chunk             |       |     4 |    10 |       ||    14
       Ration            |       |       |     2 |     1 ||     3
Armor: Scale mail        |     5 |       |       |       ||     5
       Chain mail        |    37 |    73 |    75 |     2 ||   187
Dodge: Dodged            |    12 |    16 |    37 |     3 ||    68
Block: Shield            |    10 |       |       |       ||    10
       Large shield      |    50 |   185 |   191 |     8 ||   434
